AoeStats
← 张氏王长神兵天降

Arena

509899955Analyzed
1v1 RM · 5d ago on Sep 28, 2026· 54m 45s· 2 players
Game mode
Random Map
Map size
Tiny (2 player)
Population
200
Speed
Normal
Resources
Standard
Victory
Conquest
Starting age
Dark Age
Ending age
Imperial Age
RankedLock teamsTeams togetherTeam positionsShared explorationLock speedFull tech treeHidden civsTurbo modeCheats
Victory
Defeat
590
+20
🇹🇷 Lithuanians · Türkiye
611
-17
张氏王长神兵天降
0:30 Loom
11:09 Feudal Age
11:39 Double-Bit Axe
11:42 Horse Collar
15:02 Gold Mining
19:31 Castle Age
18:42 Stone Mining
18:48 Fletching
18:59 Padded Archer Armor
20:52 Bow Saw
22:03 Heavy Plow
24:20 Gold Shaft Mining
24:03 Leather Archer Armor
24:38 Forging
25:16 Scale Mail Armor
30:07 Squires
29:57 Arson
32:57 Imperial Age
32:44 Husbandry
32:54 Bloodlines
33:22 Cavalier
33:29 Elite Janissary
35:20 Iron Casting
35:25 Heavy Camel Rider
36:13 Capped Ram
38:30 Man-at-Arms
42:49 Artillery
44:50 Ring Archer Armor
44:16 Bodkin Arrow
45:21 Blast Furnace
44:36 Chain Mail Armor
44:27 Scale Barding Armor
47:43 Two-Man Saw
50:09 Chain Barding Armor
50:19 Plate Mail Armor
49:50 Bracer
54:20 Sipahi
Etiquette ^^
0:32 Loom
12:05 Feudal Age
13:41 Wheelbarrow
12:47 Horse Collar
12:59 Gold Mining
13:03 Stone Mining
13:02 Double-Bit Axe
20:36 Castle Age
21:53 Hand Cart
22:15 Bow Saw
26:26 Stone Shaft Mining
30:21 Imperial Age
30:57 Town Watch
31:35 Conscription
31:17 Heavy Plow
32:20 Two-Man Saw
32:14 Scale Barding Armor
32:36 Ballistics
33:19 Crop Rotation
36:29 Chemistry
36:39 Husbandry
36:50 Bloodlines
36:02 Cavalier
36:04 Elite Skirmisher
36:53 Thumb Ring
37:11 Chain Barding Armor
36:53 Scale Mail Armor
38:08 Tower Shields
38:41 Town Patrol
39:57 Plate Barding Armor
39:33 Forging
40:33 Arson
40:48 Squires
40:09 Pikeman
41:36 Chain Mail Armor
41:22 Padded Archer Armor
41:13 Fletching
42:41 Iron Casting
42:01 Halberdier
44:12 Padded Archer Armor
44:03 Fletching
44:48 Iron Casting
44:45 Elite Leitis
46:55 Leather Archer Armor
46:35 Bodkin Arrow
47:15 Paladin
50:25 Ring Archer Armor
49:56 Bracer
Connection lost

Rejoining the realm…

Still unreachable

The connection could not be restored.

Session expired

The server has moved on; the page needs a fresh start.